[Event "Titled Tuesday Blitz June 28 Early 2022"]
[White "Vianello, Enrico"]
[Black "Krishnakumar, Sriram"]
[WhiteFideId "810738"]
[BlackFideId "30915856"]
[WhiteElo "2231"]
[BlackElo "2425"]
[Result "1/2-1/2"]
[Round "05"]
[TimeControl "180+1"]
[Date "2022.06.28"]
[WhiteClock "0:00:02"]
[BlackClock "0:00:30"]

1. Nf3 d5 2. c4 c6 3. e3 Nf6 4. b3 e6 5. Bb2 Bd6 6. Nc3 O-O 7. Be2 Nbd7 8. O-O b6 9. Rc1 Bb7 10. Qc2 Rc8 11. Qb1 e5 12. d3 Qe7 13. cxd5 cxd5 14. Rfd1 a6 15. Qa1 d4 16. Nb1 dxe3 17. fxe3 Bc5 18. d4 exd4 19. Bxd4 Rfd8 20. Nbd2 g6 21. Nf1 Ne4 22. Rc2 Bxd4 23. Nxd4 Ndc5 24. Bf3 Ng5 25. Bxb7 Qxb7 26. b4 Nce4 27. Rxc8 Rxc8 28. Rc1 Qd7 29. Qb2 b5 30. Rxc8+ Qxc8 31. Qc2 Qxc2 32. Nxc2 Kf8 33. h4 Ne6 34. Kh2 Ke7 35. Ng3 Nxg3 36. Kxg3 Kd6 37. Kf3 Ke5 38. g4 Nc7 39. g5 Nd5 40. a3 Nc3 41. Nd4 Nb1 42. Nc2 Nd2+ 43. Ke2 Ne4 44. Kf3 Nd6 45. Nd4 Nc4 46. Nc2 Kf5 47. Nd4+ Ke5 48. Nc2 f5 49. gxf6 Kxf6 50. Kf4 Nd6 51. e4 Nc4 52. Nd4 Nxa3 53. e5+ Kf7 54. e6+ Ke7 55. Ke5 Nc4+ 56. Kd5 Ne3+ 57. Ke5 Ng2 58. Nc6+ Ke8 59. Kf6 Nxh4 60. Ne5 Nf5 61. Nf7 Kf8 62. Ng5 Ne7 63. Nxh7+ Ke8 64. Ng5 Kd8 65. Kf7 Nc6 66. Kxg6 Ke7 67. Kf5 Nxb4 68. Ke5 Nd3+ 69. Kd4 Nf4 70. Ke5 Ng6+ 71. Kd5 a5 72. Kc5 b4 73. Kc4 Nf4 74. Kb3 Nxe6 75. Ne4 Nd4+ 76. Ka4 Nc6 77. Nc5 Kd6 78. Nb3 Kc7 79. Nc5 Kb6 80. Nd7+ Ka7 81. Nc5 Kb6 82. Nd7+ Kc7 83. Nc5 Kd6 84. Nb3 Kd5 85. Nxa5 Nxa5 86. Kxb4 1/2-1/2


[Site "https://www.chess.com"]

[Event "Titled Tuesday Blitz June 28 Early 2022"]
[White "Vidonyak, Roman"]
[Black "Tasev, Dejan"]
[WhiteFideId "14100622"]
[BlackFideId "936618"]
[WhiteElo "2337"]
[BlackElo "2253"]
[Result "0-1"]
[Round "05"]
[TimeControl "180+1"]
[Date "2022.06.28"]
[WhiteClock "0:00:01"]
[BlackClock "0:00:25"]

1. d4 Nf6 2. c4 g6 3. h4 h5 4. Nc3 Bg7 5. e4 d6 6. Be2 O-O 7. Bg5 Nbd7 8. Qd2 c5 9. d5 a6 10. a4 Ne5 11. Nh3 b6 12. Bh6 Bd7 13. Bxg7 Kxg7 14. O-O Bxh3 15. gxh3 Qc8 16. f4 Qxh3 17. fxe5 Qg3+ 18. Kh1 Qxh4+ 19. Kg1 Qg3+ 20. Kh1 Ng4 21. Bf3 Qxe5 22. Rae1 Qg3 23. Qg2 Qxg2+ 24. Kxg2 Ne5 25. b3 a5 26. Bd1 Rh8 27. Kh3 Raf8 28. Re3 f6 29. Nb5 g5 30. Nc7 g4+ 31. Kh2 Kg6 32. Ne6 Rfg8 33. Rf5 Kf7 34. Re1 h4 35. Ref1 g3+ 36. Kg1 h3 37. Ng5+ Ke8 38. Nxh3 Rxh3 39. Bh5+ Kd8 40. Be2 g2 41. R1f2 Rh1# 0-1


[Site "https://www.chess.com"]

[Event "Titled Tuesday Blitz June 28 Early 2022"]
[White "Vifleemskaia, Svetlana"]
[Black "Cruz, Cristhian"]
[WhiteFideId "4129490"]
[BlackFideId "3801969"]
[WhiteElo "1929"]
[BlackElo "2497"]
[Result "0-1"]
[Round "05"]
[TimeControl "180+1"]
[Date "2022.06.28"]
[WhiteClock "0:00:25"]
[BlackClock "0:01:18"]

1. d4 d5 2. c4 c6 3. cxd5 cxd5 4. Bf4 Nc6 5. e3 Nf6 6. Nc3 a6 7. Rc1 Bg4 8. Nf3 e6 9. h3 Bxf3 10. Qxf3 Bd6 11. Bd3 O-O 12. O-O Rc8 13. Bg5 Be7 14. Bb1 Nd7 15. Bf4 b5 16. Qg3 f5 17. Bd6 Nb6 18. Bxe7 Qxe7 19. b3 Rc7 20. Ne2 Rfc8 21. Nf4 Nd8 22. Rxc7 Qxc7 23. Nd3 Qxg3 24. fxg3 Nd7 25. Rc1 Rxc1+ 26. Nxc1 Kf7 27. Kf2 Ke7 28. Kf3 Kd6 29. g4 g6 30. gxf5 exf5 31. g4 fxg4+ 32. hxg4 Ne6 33. Ne2 Nf6 34. Nf4 Ng5+ 35. Kg3 Nge4+ 36. Bxe4 Nxe4+ 37. Kf3 Nc3 38. a3 Nb1 39. a4 Nd2+ 40. Ke2 Nxb3 41. axb5 axb5 42. g5 Na5 43. Kd3 Nc4 44. e4 dxe4+ 45. Kxe4 Nb6 46. d5 b4 47. Ne6 b3 48. Kd3 Nxd5 49. Nf8 Ke7 50. Nxh7 Kf7 51. Nf6 Nxf6 52. gxf6 Kxf6 0-1


[Site "https://www.chess.com"]

[Event "Titled Tuesday Blitz June 28 Early 2022"]
[White "Vokhidov, Shamsiddin"]
[Black "Cherniaiev, Tykhon"]
[WhiteFideId "14204223"]
[BlackFideId "14182360"]
[WhiteElo "2611"]
[BlackElo "2289"]
[Result "0-1"]
[Round "05"]
[TimeControl "180+1"]
[Date "2022.06.28"]
[WhiteClock "0:00:20"]
[BlackClock "0:00:24"]

1. e4 c5 2. Nf3 e6 3. g3 d5 4. exd5 exd5 5. d4 cxd4 6. Nxd4 Nf6 7. Bg2 Be7 8. O-O O-O 9. Nc3 Nc6 10. h3 a6 11. Re1 Re8 12. Bf4 Nxd4 13. Qxd4 Be6 14. Rad1 Qc8 15. g4 Bc5 16. Qd2 d4 17. Ne2 Bd5 18. Nxd4 Bxg2 19. Kxg2 Bxd4 20. Rxe8+ Qxe8 21. Qxd4 Qc6+ 22. Kh2 h6 23. Be5 Qxc2 24. Bxf6 gxf6 25. Rd3 Kg7 26. Rf3 Qc7+ 27. Kg1 Qc1+ 28. Kg2 Qc6 29. Kg3 Re8 30. Rc3 Qh1 31. Rf3 Re6 32. Rf4 Qg1+ 33. Kh4 Qg2 34. a3 Re5 35. Rxf6 Rh5+ 36. gxh5 Qg5# 0-1


[Site "https://www.chess.com"]

[Event "Titled Tuesday Blitz June 28 Early 2022"]
[White "Volkov, Maksim"]
[Black "Miller, Eduard"]
[WhiteFideId "54123070"]
[BlackFideId "24687022"]
[WhiteElo "2155"]
[BlackElo "2299"]
[Result "1-0"]
[Round "05"]
[TimeControl "180+1"]
[Date "2022.06.28"]
[WhiteClock "0:01:18"]
[BlackClock "0:00:48"]

1. d4 Nf6 2. c4 g6 3. g3 Bg7 4. Bg2 O-O 5. Nc3 d6 6. Nf3 Nbd7 7. O-O e5 8. e4 b6 9. Re1 Bb7 10. d5 a5 11. b3 Nc5 12. a3 Bc8 13. Rb1 Bd7 14. Qc2 Nh5 15. b4 axb4 16. axb4 Na4 17. Nb5 Bxb5 18. cxb5 Qd7 19. Bf1 Ra7 20. Re3 Rfa8 21. Ra3 f5 22. Rba1 fxe4 23. Ng5 e3 24. Bxe3 e4 25. R1a2 Nc3 26. Rxa7 Rxa7 27. Rxa7 Nf6 28. Qxc3 1-0


[Site "https://www.chess.com"]

[Event "Titled Tuesday Blitz June 28 Early 2022"]
[White "Wartiovaara, Oliver"]
[Black "Vidruska, Renate"]
[WhiteFideId "513024"]
[BlackFideId "11601841"]
[WhiteElo "1971"]
[BlackElo "1873"]
[Result "0-1"]
[Round "05"]
[TimeControl "180+1"]
[Date "2022.06.28"]
[WhiteClock "0:00:02"]
[BlackClock "0:00:20"]

1. e4 e5 2. f4 exf4 3. Nf3 Nf6 4. e5 Nh5 5. d4 d6 6. Bc4 g6 7. Nc3 Nc6 8. Nd5 Bg7 9. Nxf4 Nxf4 10. Bxf4 dxe5 11. dxe5 Bg4 12. O-O O-O 13. e6 Bxe6 14. Bxe6 fxe6 15. Qxd8 Raxd8 16. Bxc7 Bxb2 17. Rab1 Rd7 18. Bg3 Bd4+ 19. Nxd4 Nxd4 20. Rxf8+ Kxf8 21. Be5 Nxc2 22. Rc1 Nb4 23. Rc8+ Ke7 24. Rh8 Rd1+ 25. Kf2 Rd2+ 26. Ke1 Rxa2 27. Rxh7+ Kd8 28. Bc3 Nd3+ 29. Kd1 b5 30. g4 b4 31. Bd4 e5 32. Bxa7 b3 33. Be3 b2 34. Rb7 Ra1+ 35. Kc2 e4 0-1


[Site "https://www.chess.com"]

[Event "Titled Tuesday Blitz June 28 Early 2022"]
[White "Winkels, Marcel"]
[Black "Boraso, Alessio"]
[WhiteFideId "1003887"]
[BlackFideId "848077"]
[WhiteElo "1900"]
[BlackElo "2286"]
[Result "0-1"]
[Round "05"]
[TimeControl "180+1"]
[Date "2022.06.28"]
[WhiteClock "0:00:05"]
[BlackClock "0:00:39"]

1. e4 Nf6 2. e5 Ng8 3. d4 d5 4. Nf3 Bg4 5. Be2 e6 6. O-O c5 7. c3 Nc6 8. Be3 Nh6 9. Bxh6 gxh6 10. Na3 cxd4 11. cxd4 Bxa3 12. bxa3 Bxf3 13. Bxf3 Qh4 14. Rb1 Rb8 15. Qd2 Nxd4 16. Bd1 Nf5 17. g3 Qd4 18. Qa5 O-O 19. Re1 a6 20. Bc2 Qg4 21. Bxf5 Qxf5 22. Rec1 Rbc8 23. Qe1 b5 24. f4 Rc4 25. Rxc4 dxc4 26. Rd1 Rc8 27. Qb4 c3 28. Qe7 c2 29. Rd8+ Rxd8 30. Qxd8+ Kg7 31. Qc7 Qd3 32. Qe7 c1=Q+ 33. Kf2 0-1


[Site "https://www.chess.com"]

[Event "Titled Tuesday Blitz June 28 Early 2022"]
[White "Xiong, Jeffery"]
[Black "Seliverstov, Vladimir"]
[WhiteFideId "2047640"]
[BlackFideId "4192036"]
[WhiteElo "2714"]
[BlackElo "2489"]
[Result "1-0"]
[Round "05"]
[TimeControl "180+1"]
[Date "2022.06.28"]
[WhiteClock "0:01:43"]
[BlackClock "0:01:47"]

1. d4 d5 2. c4 c6 3. Nf3 Nf6 4. Nc3 dxc4 5. a4 Bg4 6. Ne5 Bh5 7. Nxc4 e6 8. g3 Bb4 9. Bg2 Nd5 10. Bd2 Nb6 11. Qb3 Qxd4 12. Qxb4 Qxc4 13. Qa3 Na6 14. O-O O-O-O 15. Ne4 Qxe2 16. Bf4 Nc4 17. Qc3 Qxb2 18. Qxc4 Be2 19. Qc1 Qxc1 20. Rfxc1 Rd7 21. Nd6+ Kd8 22. Rab1 1-0


[Site "https://www.chess.com"]

[Event "Titled Tuesday Blitz June 28 Early 2022"]
[White "Yaksin, Oleg"]
[Black "Oliveira, Jonathan De"]
[WhiteFideId "24105880"]
[BlackFideId "2180820"]
[WhiteElo "2256"]
[BlackElo "2075"]
[Result "1-0"]
[Round "05"]
[TimeControl "180+1"]
[Date "2022.06.28"]
[WhiteClock "0:00:22"]
[BlackClock "0:01:45"]

1. d4 e6 2. c4 d5 3. g3 Nf6 4. Nf3 Be7 5. Bg2 O-O 6. O-O dxc4 7. Qc2 a6 8. a4 Bd7 9. Rd1 Bc6 10. Nc3 Bxf3 11. Bxf3 Nc6 12. Bxc6 bxc6 13. Bg5 Qb8 14. Bxf6 Bxf6 15. Ne4 Qb3 16. Qxb3 cxb3 17. e3 e5 18. dxe5 Bxe5 19. Rd3 Rab8 20. Rc1 Bxb2 21. Rb1 Be5 22. Rdxb3 Rxb3 23. Rxb3 f5 24. Nc5 Bd6 25. Nxa6 Ra8 26. Rb8+ Rxb8 27. Nxb8 Kf7 28. a5 Ke6 29. a6 Bc5 30. Nxc6 Kd5 31. a7 Bxa7 32. Nxa7 c5 33. Kf1 c4 34. Nb5 Ke4 35. Ke2 f4 36. Nc3+ Ke5 37. gxf4+ Kf5 38. Kf3 Ke6 39. e4 Ke7 40. Ke3 Ke8 41. Kd4 Kf8 42. Kxc4 Kg8 43. Kd5 Kh8 44. Kd6 Kg8 45. e5 Kf8 46. e6 Ke8 47. Nd5 Kd8 48. e7+ Kc8 49. e8=Q+ Kb7 50. Qc6+ Kb8 51. Qb6+ 1-0


[Site "https://www.chess.com"]

[Event "Titled Tuesday Blitz June 28 Early 2022"]
[White "Yang, Kaiqi"]
[Black "Ladan, Nicholas"]
[WhiteFideId "8604398"]
[BlackFideId "30918855"]
[WhiteElo "2373"]
[BlackElo "2167"]
[Result "1-0"]
[Round "05"]
[TimeControl "180+1"]
[Date "2022.06.28"]
[WhiteClock "0:00:09"]
[BlackClock "0:00:02"]

1. d4 d5 2. c4 e6 3. g3 Nf6 4. Bg2 Bb4+ 5. Nd2 O-O 6. Nf3 b6 7. O-O Bb7 8. Ne5 Nbd7 9. Nd3 Bxd2 10. Bxd2 Ne4 11. cxd5 Bxd5 12. Be3 Nd6 13. f3 f5 14. Bf2 Qe7 15. Rc1 Rac8 16. Nb4 Nf6 17. Nc6 Qd7 18. Ne5 Qb5 19. b3 Rfd8 20. Qd3 Qxd3 21. Nxd3 a5 22. Rc2 Kf7 23. Rfc1 Rd7 24. Ne5+ Ke8 25. Nxd7 Kxd7 26. h3 g5 27. g4 h5 28. Bg3 hxg4 29. hxg4 fxg4 30. Bxd6 Kxd6 31. e4 gxf3 32. exd5 fxg2 33. dxe6 c5 34. dxc5+ bxc5 35. Re1 Ke7 36. Rxg2 g4 37. Rc2 a4 38. bxa4 c4 39. a5 Rc5 40. a6 Rc6 41. a7 Ra6 42. Rxc4 Rxa7 43. a4 Ne8 44. Rxg4 Ra6 45. Rge4 Nd6 46. Rh4 Ne8 47. Rh7+ Kd6 48. Rd7+ Kc6 49. Rc1+ Kb6 50. Re7 Nd6 51. Rd7 Ne8 52. Rd8 Nf6 53. e7 Rxa4 54. Rd6+ Kb7 55. Rxf6 Rg4+ 56. Kf2 Re4 57. Rf7 Kb6 58. Re1 Rf4+ 1-0


[Site "https://www.chess.com"]

[Event "Titled Tuesday Blitz June 28 Early 2022"]
[White "Yaniuk, Volodymyr"]
[Black "Silvestre, Christian"]
[WhiteFideId "14133083"]
[BlackFideId "30956269"]
[WhiteElo "2207"]
[BlackElo "2346"]
[Result "1-0"]
[Round "05"]
[TimeControl "180+1"]
[Date "2022.06.28"]
[WhiteClock "0:00:36"]
[BlackClock "0:00:09"]

1. d4 c6 2. c4 d5 3. cxd5 cxd5 4. Bf4 Nf6 5. e3 Nc6 6. Nc3 a6 7. Rc1 e6 8. Bd3 Bd6 9. Bxd6 Qxd6 10. f4 Bd7 11. Nf3 Rc8 12. O-O h6 13. Ne5 Ne7 14. Qb3 b5 15. Ne2 O-O 16. h3 Rfd8 17. a3 Be8 18. Qb4 Qxb4 19. axb4 Nc6 20. Nxc6 Bxc6 21. Rc3 Bb7 22. Rfc1 Kf8 23. Kf2 Ke7 24. Ke1 Rxc3 25. bxc3 Rc8 26. Kd2 Nd7 27. Ra1 Nb6 28. Ra3 f6 29. Nc1 Nc4+ 30. Bxc4 dxc4 31. g3 e5 32. Ne2 Ke6 33. e4 Bxe4 34. Rxa6+ Rc6 35. Ra7 g5 36. Ke3 Bd3 37. fxe5 Bxe2 38. Kxe2 fxe5 39. dxe5 Rb6 40. Rh7 Kxe5 41. Ke3 Kf5 42. g4+ Kg6 43. Rc7 h5 44. Ke4 hxg4 45. hxg4 Rf6 46. Rb7 Rf4+ 47. Ke3 Rxg4 48. Rxb5 Rh4 49. Rc5 Kf6 50. b5 Rh7 51. Rxc4 Ke5 52. Rc5+ Kd6 53. Rxg5 Rb7 54. Kd4 Kc7 55. c4 Kb6 56. Rg6+ Ka5 57. Kc3 Rxb5 58. cxb5 Kxb5 59. Rg5+ Kc6 60. Kd4 Kd6 61. Rg6+ Ke7 62. Kd5 Kf7 63. Ra6 Kg7 64. Ke5 Kh7 65. Kf5 Kg8 66. Ra7 Kf8 67. Ke6 Kg8 68. Kf6 Kh8 69. Kg6 Kg8 70. Ra8# 1-0


[Site "https://www.chess.com"]

[Event "Titled Tuesday Blitz June 28 Early 2022"]
[White "Yoo, Christopher Woojin"]
[Black "Korchmar, Vasiliy"]
[WhiteFideId "30909694"]
[BlackFideId "24131750"]
[WhiteElo "2105"]
[BlackElo "2370"]
[Result "1-0"]
[Round "05"]
[TimeControl "180+1"]
[Date "2022.06.28"]
[WhiteClock "0:00:04"]
[BlackClock "0:00:04"]

1. e4 c5 2. Nf3 d6 3. Bb5+ Nd7 4. Ba4 Nf6 5. O-O g6 6. Re1 Bg7 7. c4 e5 8. Nc3 O-O 9. d3 Nh5 10. Bg5 f6 11. Be3 Nb6 12. Bc2 f5 13. exf5 Bxf5 14. h3 Nf4 15. Bxf4 exf4 16. d4 Bxc2 17. Qxc2 cxd4 18. Nb5 Rc8 19. Qe4 d5 20. Qe6+ Kh8 21. Nd6 Rc7 22. c5 Nc4 23. Qxd5 Nxd6 24. cxd6 Rd7 25. Re6 Rf5 26. Qe4 Rf8 27. Rd1 Rxd6 28. Rxd6 Qxd6 29. Qxb7 Qb8 30. Qxb8 Rxb8 31. b3 a5 32. Kf1 a4 33. bxa4 Ra8 34. Ke2 Rxa4 35. Rd2 h6 36. Kd3 g5 37. Ke4 Kh7 38. Ne1 Kg6 39. Nd3 h5 40. Rc2 Bf6 41. h4 gxh4 42. Nxf4+ Kg5 43. Rc5+ Kh6 44. Rxh5+ Kg7 45. Rf5 Rxa2 46. Nh5+ Kg6 47. Nxf6 Re2+ 48. Kd3 Re6 49. Rf4 Rxf6 50. Rxf6+ Kxf6 51. Kxd4 Kf5 52. Ke3 Kg4 53. Ke4 1-0


[Site "https://www.chess.com"]

[Event "Titled Tuesday Blitz June 28 Early 2022"]
[White "Zhigalko, Sergei"]
[Black "Ivanov, Mike"]
[WhiteFideId "13502956"]
[BlackFideId "2613158"]
[WhiteElo "2662"]
[BlackElo "2182"]
[Result "1/2-1/2"]
[Round "05"]
[TimeControl "180+1"]
[Date "2022.06.28"]
[WhiteClock "0:00:12"]
[BlackClock "0:00:07"]

1. e4 e6 2. d4 d5 3. e5 c5 4. c3 Nc6 5. Nf3 Bd7 6. Be2 Qb6 7. O-O Nh6 8. dxc5 Bxc5 9. b4 Be7 10. Bd3 Nf5 11. Nbd2 Rc8 12. Nb3 O-O 13. Re1 Rfd8 14. g4 Nh4 15. Bf4 Nxf3+ 16. Qxf3 a5 17. a3 axb4 18. axb4 Ra8 19. Rad1 Ra3 20. Bc2 Rc8 21. Qd3 g6 22. Rd2 d4 23. Red1 Be8 24. b5 dxc3 25. Be3 Qc7 26. Qxc3 Nxe5 27. Qxc7 Rxc7 28. Rd8 Bxd8 29. Rxd8 Kf8 30. Nd4 Ke7 31. Rb8 Nf3+ 32. Kg2 Nxd4 33. Bxd4 Rxc2 34. Rxb7+ Kd8 35. Be5 Raa2 36. Bd4 Rd2 37. Bb6+ Kc8 38. Re7 Bd7 39. Rxf7 Rdb2 40. Be3 Rxb5 41. Rxh7 Bc6+ 42. Kg3 Bd5 43. h4 Rb3 44. Rg7 Rb1 45. Rxg6 Ra4 46. h5 Rg1+ 47. Kh4 Rh1+ 48. Kg5 Rg1 49. Kh4 Bf3 50. Rg8+ Kd7 51. h6 Rgxg4+ 52. Rxg4 Rxg4+ 53. Kh3 Rg1 54. Bd4 Be4 55. Bg7 Kc6 56. Kh2 Rg2+ 57. Kh3 Rg6 58. h7 Bf5+ 59. Kh4 Rg4+ 60. Kh5 Rg1 61. h8=Q Rh1+ 62. Kg5 Rxh8 63. Bxh8 Kd5 64. f4 Ke4 65. Be5 Ke3 66. Bf6 Ke4 67. Be5 Ke3 68. Bf6 Ke4 69. Be5 1/2-1/2


[Site "https://www.chess.com"]

[Event "Titled Tuesday Blitz June 28 Early 2022"]
[White "Ziatdinov, Raset"]
[Black "Dixit, Arun"]
[WhiteFideId "2015323"]
[BlackFideId "30937671"]
[WhiteElo "2220"]
[BlackElo "2378"]
[Result "0-1"]
[Round "05"]
[TimeControl "180+1"]
[Date "2022.06.28"]
[WhiteClock "0:00:15"]
[BlackClock "0:00:56"]

1. e4 c5 2. Nf3 g6 3. c4 Nc6 4. Nc3 Bg7 5. d3 d6 6. Be2 Nf6 7. O-O O-O 8. h3 a6 9. Nh2 Rb8 10. a4 Nd4 11. Be3 Nd7 12. Bxd4 Bxd4 13. a5 b5 14. axb6 Qxb6 15. Rb1 Ne5 16. Nd5 Qd8 17. Kh1 e6 18. Nc3 Qa5 19. Qc2 Nc6 20. Nf3 Bg7 21. Ra1 Qb6 22. Na4 Qb3 23. Qxb3 Rxb3 24. Rfb1 Bd7 25. Bd1 Rb4 26. Nc3 Rfb8 27. Bc2 Rxb2 28. Na4 Rxc2 29. Rxb8+ Nxb8 30. Rb1 Bxa4 31. Rxb8+ Bf8 32. e5 Kg7 33. exd6 Bxd6 34. d4 Rc1+ 35. Ng1 cxd4 36. Rd8 Bc5 37. Kh2 Rxc4 38. Nf3 Be7 39. Ra8 Bf6 40. Ra7 Bb5 41. g4 d3 42. g5 Bc3 43. h4 d2 44. h5 gxh5 45. g6 Kxg6 46. Rxf7 Kxf7 47. Nxd2 Bxd2 48. f4 Rxf4 49. Kg2 Bc6+ 50. Kg3 Be3 51. Kh3 Rg4 52. Kh2 Bf4+ 53. Kh3 Bg2# 0-1


[Site "https://www.chess.com"]

[Event "Titled Tuesday Blitz June 28 Early 2022"]
[White "Zochowski, Kacper"]
[Black "Vlassov, Nikolai"]
[WhiteFideId "1125494"]
[BlackFideId "4103360"]
[WhiteElo "2214"]
[BlackElo "2407"]
[Result "0-1"]
[Round "05"]
[TimeControl "180+1"]
[Date "2022.06.28"]
[WhiteClock "0:00:20"]
[BlackClock "0:00:10"]

1. d4 Nf6 2. Bg5 e6 3. Nd2 h6 4. Bh4 c5 5. e3 b6 6. c3 Bb7 7. f4 Be7 8. Ngf3 g5 9. fxg5 Ng4 10. Qe2 hxg5 11. Bg3 cxd4 12. exd4 d6 13. O-O-O Nd7 14. Ne4 Bxe4 15. Qxe4 Ngf6 16. Qc2 a6 17. Bd3 b5 18. Kb1 Nd5 19. Be4 Ne3 20. Qd3 Nxd1 21. Bxa8 Nxc3+ 22. Qxc3 Qxa8 23. Qc7 Qb8 24. Rc1 Qxc7 25. Rxc7 Kd8 26. Ra7 Nb6 27. Rxa6 Nc8 28. Nd2 f5 29. h3 Kc7 30. a4 bxa4 31. Rxa4 f4 32. Bf2 g4 33. hxg4 Rh2 34. Rc4+ Kd7 35. Rb4 Rxg2 36. Be1 Rxg4 37. Kc2 Rg2 38. Kd3 d5 39. Rb7+ Kc6 40. Rb3 Nd6 41. Nf3 Bf6 42. Rc3+ Kd7 43. Ra3 Rxb2 44. Ra7+ Rb7 45. Ra6 Nc4 46. Ra8 Rb3+ 47. Ke2 Rb2+ 48. Kf1 Ne3+ 49. Kg1 Nf5 50. Bf2 Rb3 51. Ra7+ Kc6 52. Ra6+ Kd7 53. Ra7+ Kc6 54. Ra6+ Rb6 55. Ra8 Nd6 56. Kg2 Ne4 57. Bh4 Rb2+ 58. Kh3 Rb3 59. Kg4 Rxf3 60. Bxf6 Rf1 61. Be5 f3 62. Ra6+ Kb5 63. Rxe6 f2 64. Kf3 Rg1 0-1


[Site "https://www.chess.com"]

[Event "Titled Tuesday Blitz June 28 Early 2022"]
[White "Adla, Diego"]
[Black "Dardha, Daniel"]
[WhiteFideId "100072"]
[BlackFideId "240990"]
[WhiteElo "2606"]
[BlackElo "2813"]
[Result "0-1"]
[Round "06"]
[TimeControl "180+1"]
[Date "2022.06.28"]
[WhiteClock "0:00:27"]
[BlackClock "0:01:34"]

1. c4 e5 2. Nc3 Nf6 3. Nf3 e4 4. Ng5 c6 5. Ngxe4 Nxe4 6. Nxe4 d5 7. cxd5 cxd5 8. Ng3 h5 9. h4 Bd6 10. Qb3 Nc6 11. a3 Be6 12. Qxb7 Nd4 13. Kd1 O-O 14. e3 Rb8 15. Qxa7 Nb3 16. Rb1 Bxg3 17. fxg3 Qf6 18. Be2 Rfc8 19. Qa4 Qg6 20. d3 Bf5 21. e4 dxe4 22. Bf4 exd3 23. Bf3 d2 24. Ke2 Bxb1 25. Kf2 Bc2 26. Qa7 d1=Q 27. Rxd1 Bxd1 28. Bxd1 Qb6+ 0-1


[Site "https://www.chess.com"]

[Event "Titled Tuesday Blitz June 28 Early 2022"]
[White "Aldokhin, Ivan"]
[Black "Djokic, Mihailo"]
[WhiteFideId "24115720"]
[BlackFideId "976440"]
[WhiteElo "2231"]
[BlackElo "2255"]
[Result "1-0"]
[Round "06"]
[TimeControl "180+1"]
[Date "2022.06.28"]
[WhiteClock "0:00:04"]
[BlackClock "0:00:05"]

1. e4 c5 2. Nf3 d6 3. d4 cxd4 4. Nxd4 Nf6 5. Nc3 g6 6. Bc4 Bg7 7. h3 O-O 8. Bb3 Nc6 9. Be3 Bd7 10. O-O Rc8 11. f4 Re8 12. Nf3 a6 13. e5 Nh5 14. Ng5 Rf8 15. Nxf7 Rxf7 16. e6 Be8 17. exf7+ Bxf7 18. Bxf7+ Kxf7 19. f5 Nf6 20. Nd5 Ne5 21. fxg6+ hxg6 22. Nxf6 Bxf6 23. Bg5 Qb6+ 24. Kh1 Kg7 25. Bxf6+ exf6 26. b3 Rc3 27. Qd2 Qc6 28. Qf4 f5 29. Qh4 Rxc2 30. Rf2 Rxf2 31. Qxf2 Qc3 32. Rd1 Qc6 33. Qd4 Qc2 34. Qxd6 Nf7 35. Qd4+ Kg8 36. Re1 Qc6 37. Re7 Qc8 38. Qe3 Kf8 39. Re6 Kg7 40. Qe1 Kh7 41. Re7 Kg8 42. Qe6 Qxe6 43. Rxe6 Kg7 44. Rb6 Nd8 45. Rd6 Nc6 46. Rd7+ Kf6 47. Rxb7 Nd4 48. Rb6+ Ke5 49. Rxa6 g5 50. b4 Kd5 51. a4 Nc2 52. b5 Nb4 53. Ra8 Ke6 54. a5 Kd7 55. a6 Kc7 56. Rg8 g4 57. hxg4 fxg4 58. Rxg4 Kb6 59. Rxb4 1-0


[Site "https://www.chess.com"]

[Event "Titled Tuesday Blitz June 28 Early 2022"]
[White "Antonio, Jorge Carlos"]
[Black "Bintang, Rasyid A. Hidayat"]
[WhiteFideId "113190"]
[BlackFideId "7105355"]
[WhiteElo "2247"]
[BlackElo "2375"]
[Result "1-0"]
[Round "06"]
[TimeControl "180+1"]
[Date "2022.06.28"]
[WhiteClock "0:00:54"]
[BlackClock "0:01:26"]

1. e4 c5 2. Nc3 g6 3. g3 Nc6 4. Bg2 Bg7 5. f4 d6 6. Nf3 Nf6 7. d3 O-O 8. a4 e5 9. O-O Re8 10. f5 d5 11. Nxd5 Nxd5 12. exd5 Qxd5 13. Ng5 Qd4+ 14. Kh1 Bxf5 15. Rxf5 gxf5 16. Qh5 Qd7 17. Qxh7+ Kf8 18. Be3 Nd4 19. c3 f6 20. Nf3 Nxf3 21. Bxc5+ Kf7 22. Qh5+ Kg8 23. Bxf3 e4 24. dxe4 fxe4 25. Bd1 Re5 26. Bb3+ Re6 27. Qf5 Re8 28. Rd1 Qf7 29. Rd6 Rxd6 30. Bxf7+ Kxf7 31. Bxd6 Rd8 32. Bf4 1-0


[Site "https://www.chess.com"]

[Event "Titled Tuesday Blitz June 28 Early 2022"]
[White "Arias, Juan Cruz"]
[Black "Jobava, Baadur"]
[WhiteFideId "118540"]
[BlackFideId "13601520"]
[WhiteElo "2091"]
[BlackElo "2617"]
[Result "0-1"]
[Round "06"]
[TimeControl "180+1"]
[Date "2022.06.28"]
[WhiteClock "0:01:18"]
[BlackClock "0:02:21"]

1. d4 Nf6 2. Bg5 e6 3. Nd2 h6 4. Bh4 c5 5. e4 cxd4 6. e5 g5 7. Bg3 Nd5 8. h4 Nc6 9. hxg5 Qxg5 10. Ngf3 Qg7 11. Bc4 Nb6 12. Bb3 d5 13. exd6 Bd7 14. Ne4 O-O-O 15. Bh4 f5 16. Bf6 Qg6 17. Bxd8 fxe4 18. Bxb6 exf3 19. Bxd4 fxg2 20. Rg1 Qe4+ 21. Be3 Ne5 22. Qh5 Nf3+ 23. Ke2 Nxg1+ 24. Rxg1 Bxd6 25. f3 Qf5 26. Rxg2 Qxh5 0-1


[Site "https://www.chess.com"]

[Event "Titled Tuesday Blitz June 28 Early 2022"]
[White "Averjanov, Alexey"]
[Black "Bettalli, Francesco"]
[WhiteFideId "14109867"]
[BlackFideId "2816453"]
[WhiteElo "2711"]
[BlackElo "2216"]
[Result "1-0"]
[Round "06"]
[TimeControl "180+1"]
[Date "2022.06.28"]
[WhiteClock "0:01:48"]
[BlackClock "0:00:05"]

1. d4 Nf6 2. c4 g6 3. Nc3 d6 4. e4 Bg7 5. Be2 O-O 6. Nf3 Nbd7 7. O-O e5 8. Qc2 c6 9. d5 Qc7 10. a3 a5 11. Be3 c5 12. Ne1 Ne8 13. Nd3 f5 14. f4 Nef6 15. Nb5 Qb8 16. exf5 gxf5 17. fxe5 Nxe5 18. Nxe5 dxe5 19. Bxc5 Rd8 20. Rxf5 Bxf5 21. Qxf5 Qc8 22. Qxc8 Raxc8 23. Bb6 Rd7 24. Bxa5 Bh6 25. g3 Be3+ 26. Kg2 Rf8 27. Bb4 Rc8 28. Nd6 Rcd8 29. Nf5 Ba7 30. Be7 Rxe7 31. Nxe7+ Kf7 32. Nf5 Nxd5 33. cxd5 Rxd5 34. Bc4 1-0


[Site "https://www.chess.com"]

[Event "Titled Tuesday Blitz June 28 Early 2022"]
[White "Baches Garcia, Guillermo"]
[Black "Barria Zuniga, Daniel"]
[WhiteFideId "2209764"]
[BlackFideId "3400816"]
[WhiteElo "2482"]
[BlackElo "2414"]
[Result "1-0"]
[Round "06"]
[TimeControl "180+1"]
[Date "2022.06.28"]
[WhiteClock "0:00:18"]
[BlackClock "0:00:04"]

1. e4 d5 2. exd5 Qxd5 3. Nc3 Qe5+ 4. Be2 c6 5. Nf3 Qc7 6. O-O Bf5 7. d4 e6 8. Nh4 Bg6 9. h3 Nf6 10. Bg5 Be7 11. Qd2 O-O 12. Nxg6 hxg6 13. Rad1 Rd8 14. Bf4 Bd6 15. Bxd6 Qxd6 16. Bf3 Nbd7 17. Ne4 Nxe4 18. Bxe4 Nf6 19. Bf3 Rd7 20. c3 Rad8 21. Qe2 Qc7 22. a4 a6 23. Qc4 Qb6 24. b4 Nd5 25. g3 a5 26. Bxd5 Rxd5 27. Rb1 Qa7 28. b5 c5 29. b6 Qb8 30. dxc5 Rc8 31. Rb5 Qe5 32. Rxa5 Rdxc5 33. Rxc5 Qxc5 34. Qxc5 Rxc5 35. Rd1 Rxc3 36. Rd7 Ra3 37. Rxb7 Rxa4 38. Rc7 Rb4 39. b7 Kh7 40. Rxf7 g5 41. Re7 Rb3 42. Kg2 Rb4 43. Kf1 Rb2 44. Ke1 1-0


[Site "https://www.chess.com"]

[Event "Titled Tuesday Blitz June 28 Early 2022"]
[White "Barp, Alberto"]
[Black "Soham Kamotra"]
[WhiteFideId "872555"]
[BlackFideId "46647490"]
[WhiteElo "2229"]
[BlackElo "2082"]
[Result "1-0"]
[Round "06"]
[TimeControl "180+1"]
[Date "2022.06.28"]
[WhiteClock "0:01:43"]
[BlackClock "0:00:06"]

1. Nf3 Nf6 2. g3 g6 3. Bg2 Bg7 4. O-O O-O 5. c4 c6 6. b3 Ne4 7. d4 d5 8. Bb2 Bf5 9. Nh4 Be6 10. Qc2 f5 11. e3 Nd7 12. Nf3 g5 13. Nbd2 Bf6 14. Ne1 Nxd2 15. Qxd2 dxc4 16. bxc4 Bxc4 17. Nd3 Nb6 18. Rfd1 Bd5 19. f3 Nc4 20. Qe2 Nxb2 21. Nxb2 Qb6 22. Nc4 Qa6 23. Rac1 b5 24. Ne5 Bxe5 25. dxe5 Rac8 26. e4 fxe4 27. fxe4 Be6 28. Qh5 Qb6+ 29. Kh1 Qe3 30. Re1 Qd2 31. Rcd1 Qxa2 32. Qxg5+ Kh8 33. Qxe7 Rf7 34. Rd8+ Rxd8 35. Qxd8+ Kg7 36. Qg5+ Kh8 37. Rd1 Qf2 38. Qh6 Bd7 39. e6 Bxe6 40. Rd8+ 1-0


[Site "https://www.chess.com"]